 Dungeon Crawl Stone Soup version 0.30.0-13-g156ef70053 (webtiles) character file.

Game seed: 16346015210829968045

4 SnakkuSnakku7 the Ducker (level 1, 0/12 HPs)
             Began as a Tengu Hexslinger on May 17, 2023.
             Slain by a kobold
             ... wielding a +0 whip
              (3 damage)
             ... on level 1 of the Dungeon.
             The game lasted 00:00:15 (134 turns).

SnakkuSnakku7 the Ducker (Tengu Hexslinger)          Turns: 134, Time: 00:00:15

Health: 0/12       AC:  2    Str: 10    XL:     1   Next: 60%
Magic:  2/3        EV: 12    Int: 13    God:
Gold:   32         SH:  0    Dex: 14    Spells: 1/2 levels left

rFire   . . .        a - +1 sling
rCold   . . .        (no shield)
rNeg    . . .        c - +0 robe
rPois   .            (helmet restricted)
rElec   .            (no cloak)
rCorr   .            (no gloves)
SInv    .            (boots unavailable)
Will    .....        (no amulet)
Stlth   +            (no ring)
HPRegen 0.22/turn    (no ring)
MPRegen 0.08/turn

%: no passive effects
@: no status effects
A: beak, talons 3
a: no special abilities


You were on level 1 of the Dungeon.
You visited 1 branch of the dungeon, and saw 1 of its levels.

You collected 32 gold pieces.

Inventory:

Hand Weapons
 a - a +1 sling (weapon)
Armour
 c - a +0 robe (worn)
 d - a +0 ring mail
Scrolls
 b - a scroll of poison


   Skills:
 + Level 1.6 Fighting
 - Level 2.1 Ranged Weapons
 - Level 2.1 Dodging
 - Level 1.0 Spellcasting
 - Level 2.1 Hexes


You had one spell level left.
You knew the following spells:

 Your Spells              Type           Power      Damage    Failure   Level
a - Slow                  Hex            24%        N/A       12%         1

Your spell library contained the following spells:

 Spells                   Type           Power      Damage    Failure   Level
 Inner Flame              Hex/Fire       3%         N/A       47%         3
 Portal Projectile        Hex/Tloc       6%         N/A       47%         3
 Cause Fear               Hex            3%         N/A       75%         4


Dungeon Overview and Level Annotations

Branches:
Dungeon (1/15)

Altars:


Innate Abilities, Weirdness & Mutations

You have a beak for a mouth.
You have claws for feet.


Message History

A rat is nearby!
A rat is nearby!
You shoot a sling bullet. The sling bullet hits the rat.
You kill the rat!
No target in view!
No target in view!
You enter the shallow water.
Moving in this stuff is going to be slow.
A kobold comes into view. It is wielding a +0 whip.
The kobold shouts!
Found 12 gold pieces.
The kobold hits you with a +0 whip.
You see here a +0 ring mail.
d - a +0 ring mail The kobold closely misses you.
You shoot a sling bullet.
The sling bullet hits the kobold but does no damage.
The kobold misses you. The kobold hits you with a +0 whip.
* * * LOW HITPOINT WARNING * * *
You are too injured to fight recklessly!
You are too injured to fight recklessly!
You are too injured to fight recklessly!
You are too injured to fight recklessly!
Aiming: Slow (safe; 12% risk of failure)
Press: ? - help, Q - select action, (/) - cycle Shift-Dir - straight line, f/p - kobold
Aim: a kobold, wielding a +0 whip and quivering stones (chance to affect: 57%)
The kobold resists with significant effort.
The kobold barely misses you.
Unknown command.
Aiming: Slow (safe; 12% risk of failure)
Press: ? - help, Q - select action, (/) - cycle Shift-Dir - straight line, f/p - kobold
Aim: a kobold, wielding a +0 whip and quivering stones (chance to affect: 57%)
Okay, then.
Fire: a) +1 sling
Press: ? - help, Q - select action, (/) - cycle Shift-Dir - straight line, f/p - kobold
Aim: a kobold, wielding a +0 whip and quivering stones (50% to hit)
You shoot a sling bullet.
The sling bullet hits the kobold but does no damage.
The kobold hits you with a +0 whip.
You die...

..........[...........
############.#.########
#...........
####.######. ♣♣♣♣†.#
♣P~~~#####
~≈~PPP~♣....#
≈≈≈≈~~P♣....+
≈≈≈~~~~~♣@..#
P~~~PP~~~♣K.# PP~♣~~~~.
...# ~~...~..~ ...#
........$ ...# .....~P
~P## ~P~~P~~ ~♣#


P~PPP~♣ ## You could see a kobold.

Vanquished Creatures
  A bat (D:1)
  An endoplasm (D:1)
  A ball python (D:1)
  A rat (D:1)
4 creatures vanquished.

Notes
Turn   | Place    | Note
-------+----------+-------------------------------------------
     0 | D:1      | SnakkuSnakku7 the Tengu Hexslinger began the quest for the
                  | Orb.
     0 | D:1      | Reached XP level 1. HP: 12/12 MP: 3/3
   134 | D:1      | Slain by a kobold

Illustrated notes

Levels and vault maps discovered:
D:1:      matt_arrival_los_fun, layout_basic, serial_bayou, serial_bayou_ford_a,
          serial_bayou_shore_a, serial_bayou_pond_b, serial_bayou_pond_a

Action                     || total
---------------------------++-------
   Fire: Sling             ||     6
   Cast: Slow              ||     1
  Dodge: Dodged            ||     4
